 Dungeon Crawl Stone Soup version 0.22-a0-772-gac08f70 (webtiles) character file.

991 Amnesiac the Digger (level 7, 0/46 HPs)
             Began as a Demonspawn Earth Elementalist on July 17, 2018.
             Was an Initiate of Gozag.
             Killed from afar by Dowan (14 damage)
             ... with a stone arrow
             ... on level 4 of the Dungeon.
             The game lasted 00:10:58 (5188 turns).

Amnesiac the Digger (Demonspawn Earth Elementalist) Turns: 5188, Time: 00:10:58

Health: 0/46       AC:  7    Str:  9    XL:     7   Next: 98%
Magic:  5/14       EV: 12    Int: 18    God:    Gozag
Gold:   421        SH:  0    Dex: 13    Spells: 6/16 levels left

rFire    + . .     SeeInvis .   n - +4 Vampire's Tooth {vamp}
rCold    . . .     Gourm    .   (no shield)
rNeg     . . .     Faith    .   h - +0 leather armour (curse)
rPois    .         Spirit   .   (helmet restricted)
rElec    .         Reflect  .   i - +0 cloak
rCorr    .         Harm     .   (no gloves)
MR       .....                  x - +2 pair of boots
Stlth    +++.......             (no amulet)
HPRegen  0.15/turn              f - ring of protection from fire
MPRegen  0.14/turn              o - ring of stealth

@: gold aura, very slightly contaminated, drained
A: antennae 2, demonic guardian 1
a: Potion Petition, Call Merchant, Bribe Branch, Renounce Religion


You were on level 4 of the Dungeon.
You worshipped Gozag.
Gozag was aware of your devotion.
You were not hungry.

You visited 2 branches of the dungeon, and saw 5 of its levels.

You collected 495 gold pieces.
You paid 74 gold pieces to Gozag.

Inventory:

Hand Weapons
 n - the +4 Vampire's Tooth (weapon) {vamp}
   (You found it on level 4 of the Dungeon)

   It inflicts no extra harm, but heals its wielder when it wounds a living foe.
Missiles
 t - 144 stones (quivered)
Armour
 a - a +1 pair of boots
 c - a +0 robe
 h - a cursed +0 leather armour (worn)
 i - a +0 cloak (worn)
 x - a +2 pair of boots (worn)
Jewellery
 f - a ring of protection from fire (left hand)
 o - a ring of stealth (right hand)
 v - an uncursed amulet of faith {unknown}
Wands
 d - a wand of flame (14)
 k - a wand of random effects (21)
 r - a wand of paralysis (8)
Scrolls
 b - a scroll of enchant armour {!r}
 e - 2 scrolls of teleportation {!r}
 l - 2 scrolls of remove curse {!r}
 s - a scroll of blinking {!r}
 w - a scroll of fog {!r, unknown}
Potions
 g - 2 potions of brilliance {!q, unknown}
 j - a potion of invisibility {!q, unknown}
 m - a potion of degeneration {!q, unknown}
 p - a potion of lignification {!q, unknown}
 q - a potion of haste {!q, unknown}
 u - 2 potions of curing {!q, unknown}
 z - a potion of agility {!q, unknown}


   Skills:
 - Level 2.7(2.3) Dodging
 - Level 2.0(1.7) Stealth
 + Level 5.0(4.7) Spellcasting
 - Level 0.8(0.5) Transmutations
 * Level 7.2(6.8) Earth Magic


You had 6 spell levels left.
You knew the following spells:

 Your Spells              Type           Power        Failure   Level  Hunger
a - Stone Arrow           Conj/Erth      ###...       14%         3    ###....
b - Passwall              Tmut/Erth      ###.....     6%          2    #......
d - Lee's Rapid Deconstr  Erth           ####......   32%         5    ######.

Your spell library contained the following spells:

 Spells                   Type           Power        Failure   Level  Hunger
 Sandblast                Erth           ####..       1%          1    None
 Petrify                  Tmut/Erth      ###.....     38%         4    ####...


Dungeon Overview and Level Annotations

Branches:
Dungeon (4/15)             Temple (1/1) D:4

Altars:
Ashenzari
Cheibriados
Fedhas
Gozag
Hepliaklqana
Nemelex Xobeh
Okawaru
Trog
Xom
Yredelemnul

Annotations:
D:4 Dowan


Innate Abilities, Weirdness & Mutations

You have a pair of antennae on your head.
A weak demonic guardian rushes to your aid.


Message History

Duvessa hits you with a short sword. Dowan completely misses you.
You barely miss Duvessa.
Duvessa is lightly wounded.
Duvessa hits you with a short sword. Dowan barely misses you.
You hit Duvessa.
Duvessa is moderately wounded.
Duvessa hits you with a short sword. Dowan gestures at you while chanting.
You resist with some effort.
You hit Duvessa but do no damage.
Duvessa is heavily wounded.
Duvessa hits you with a short sword. Dowan barely misses you.
You hit Duvessa but do no damage.
Duvessa is heavily wounded.
Duvessa hits you but does no damage.
Dowan points at you and mumbles some strange words.
The puff of frost hits you!
Your leather armour prevents you from hitting Dowan.
Duvessa hits you with a short sword.
Dowan casts a spell.
Dowan blinks!
Duvessa hits you with a short sword!
* * * LOW HITPOINT WARNING * * *
Your shadow imp gestures at Duvessa.
Duvessa writhes in agony!
Dowan mumbles some strange words.
Dowan blinks!
There is an open gate, spattered with blood here.
Casting: Stone Arrow (safe; 16% risk of failure)
Confirm with . or Enter, or press ? or * to list all spells.
Aiming: Stone Arrow (safe; 16% risk of failure)
Press: ? - help, Shift-Dir - straight line, f - Duvessa
Aim: Duvessa, wielding a short sword and wearing a ring mail (severely wounded)
The stone arrow hits Duvessa.
Duvessa is severely wounded.
Duvessa hits you with a short sword.
* * * LOW HITPOINT WARNING * * *
Dowan hits you with a dagger of protection.
* * * LOW HITPOINT WARNING * * *
Casting: Stone Arrow (safe; 16% risk of failure)
Confirm with . or Enter, or press ? or * to list all spells.
Aiming: Stone Arrow (safe; 16% risk of failure)
Press: ? - help, Shift-Dir - straight line, f/p - Duvessa
Aim: Duvessa, wielding a short sword and wearing a ring mail (almost dead)
You miscast Stone Arrow.
You are very lightly contaminated with residual magic.
Your skin tingles.
Duvessa hits your shadow imp with a short sword.
Dowan hits you but does no damage.
Unknown command.
Casting: Stone Arrow (safe; 16% risk of failure)
Confirm with . or Enter, or press ? or * to list all spells.
Aiming: Stone Arrow (safe; 16% risk of failure)
Press: ? - help, Shift-Dir - straight line, f/p - Duvessa
Aim: Duvessa, wielding a short sword and wearing a ring mail (almost dead)
The stone arrow hits Duvessa.
You kill Duvessa!
Dowan screams, "No!
Oh no!"
Dowan seems to find hidden reserves of power!
Your base Spellcasting skill increases to level 5!
Dowan gestures at you while chanting. The stone arrow hits you!
You die...
Your body crumbles into a pile of gold.

#####.#
......._.......⌠#
#.#
######...########
###
##§###...#§§§§§##
#§§§##...#.§§§§##
§§§§§#...#§§§§§##
#§§§##.⌠.#§§§§§##
##§###...#§§§§§##
######55.########
#####'$@#######
#..e# #....
######


You could see Dowan, a friendly shadow imp and a friendly ufetubus.

Vanquished Creatures
  Duvessa (D:4)
  A black bear (D:4)
  A slave (D:3)
  An orc warrior (D:3)
  A vampire bat (D:4)
  2 hounds
  3 orc priests (D:4)
  Natasha (thrice) (D:2)
  A worker ant (D:4)
  A howler monkey skeleton (D:4)
  3 gnolls (D:3)
  4 adders
  An ooze (D:2)
  4 worms
  7 leopard geckos
  12 orcs
  2 ball pythons (D:2)
  4 giant cockroaches
  5 goblins
  2 hobgoblins
  2 quokkas (D:2)
  10 bats
  5 frilled lizards
  7 kobolds
  10 rats
93 creatures vanquished.

Vanquished Creatures (collateral kills)
  Pikel (D:3)
  A slave (D:3)
  A vampire bat (D:4)
  3 orcs
  A rat (D:2)
7 creatures vanquished.

Vanquished Creatures (others)
  A slave (D:4)
  2 orcs (D:4)
3 creatures vanquished.

Grand Total: 103 creatures vanquished

Notes
Turn   | Place    | Note
-------+----------+-------------------------------------------
     0 | D:1      | Amnesiac the Demonspawn Earth Elementalist began the quest for the Orb.
     0 | D:1      | Reached XP level 1. HP: 13/13 MP: 3/3
   225 | D:2      | Gained mutation: A weak demonic guardian rushes to your aid. [demonic ancestry]
   225 | D:2      | Reached XP level 2. HP: 13/19 MP: 0/5
   349 | D:2      | Reached skill level 3 in Earth Magic
   615 | D:3      | Gained mutation: You have a pair of small antennae on your head. [demonic ancestry]
   615 | D:3      | Reached XP level 3. HP: 24/24 MP: 2/6
   905 | D:3      | Learned a level 2 spell: Passwall
  1059 | D:4      | Noticed a slave
  1061 | D:4      | Noticed Pikel
  1064 | D:4      | Noticed a slave
  1066 | D:4      | Noticed a slave
  1067 | D:4      | Noticed a slave
  1155 | D:3      | Killed a slave
  1572 | D:3      | Learned a level 3 spell: Stone Arrow
  1676 | D:3      | Noticed an orc warrior
  1841 | D:3      | Killed an orc warrior
  1841 | D:3      | Reached skill level 4 in Earth Magic
  1841 | D:3      | Reached XP level 4. HP: 24/30 MP: 0/8
  1900 | D:4      | Gained mutation: You have a pair of antennae on your head. [demonic ancestry]
  1900 | D:4      | Reached XP level 5. HP: 35/35 MP: 0/9
  1932 | D:3      | Killed a slave
  1957 | D:3      | Killed Pikel
  1957 | D:3      | Reached skill level 5 in Earth Magic
  1957 | D:3      | Reached XP level 6. HP: 19/41 MP: 1/12
  2237 | D:4      | Reached XP level 7. HP: 46/46 MP: 2/13
  2419 | D:4      | Reached skill level 6 in Earth Magic
  2855 | D:4      | Found the +4 Vampire's Tooth {vamp}
  3023 | D:4      | Found a staircase to the Ecumenical Temple.
  3032 | Temple   | Entered the Ecumenical Temple
  3059 | Temple   | Became a worshipper of Gozag Ym Sagoz the Greedy
  4028 | D:2      | Found a shattered altar of Ashenzari.
  4088 | D:2      | Noticed a moth of wrath
  4091 | D:2      | Found a bloodstained altar of Trog.
  4092 | D:2      | Noticed Natasha
  4114 | D:2      | Killed Natasha
  4137 | D:2      | Learned a level 5 spell: Lee's Rapid Deconstruction
  4246 | D:2      | Noticed Natasha
  4248 | D:2      | Killed Natasha
  4336 | D:2      | Noticed Natasha
  4367 | D:2      | Killed Natasha
  4842 | D:4      | Reached skill level 7 in Earth Magic
  5158 | D:4      | Found a sparkling altar of Nemelex Xobeh.
  5175 | D:4      | Noticed Duvessa
  5175 | D:4      | Noticed Dowan
  5188 | D:4      | Killed Duvessa
  5188 | D:4      | Reached skill level 5 in Spellcasting
  5188 | D:4      | Killed from afar by Dowan

Vault maps used:
D:1:      ncdulo_lavacross
D:2:      lemuel_crystal_altar, tgw_trog, first_ration, uniq_natasha
D:4:      nemelex_altar_shiori, minmay_temple_entry_statues_pillars,
          minmay_guarded_unrand_vampires_tooth, uniq_pikel, uniq_duvessa
Temple:   regret_index_temple_waves

Skill      XL: |  1  2  3  4  5  6  7 |
---------------+----------------------+-----
Stealth        | 2 |  2.0
Dodging        | 2 |  2.7
Earth Magic    | 3 4 5 7 |  7.2
Spellcasting   | 4 5 |  5.0
Transmutations | |  0.8

Action                   |  1- 3 |  4- 6 |  7- 9 || total
-------------------------+-------+-------+-------++-------
Melee: Dagger            |    36 |    11 |   195 ||   242
       Unarmed           |    12 |       |       ||    12
 Cast: Sandblast         |    35 |       |       ||    35
       Stone Arrow       |     5 |    10 |    33 ||    48
Evoke: Wand              |     2 |       |       ||     2
  Use: Scroll            |     6 |     2 |     1 ||     9
 Stab: Sleeping          |     3 |       |     6 ||     9
       Distracted        |       |       |     2 ||     2
  Eat: Chunk             |     3 |     3 |     5 ||    11
       Ration            |       |       |     4 ||     4
Armor: Robe              |    11 |       |       ||    11
       Leather armour    |       |     3 |    62 ||    65
Dodge: Dodged            |    47 |    10 |   130 ||   187

Table legend:
 A = Spawn XP
 B = Non-spawn XP
 C = Spawn XP percentage of total XP
 D = Spawn monster count
 E = Non-spawn monster count
 F = Spawn count percentage of total count
 G = Total turns spent on level
                    A         B        C        D         E        F      G
               +---------+---------+-------+---------+---------+-------+---------
         Total |       0 |    1416 |   0.0 |       0 |      98 |   0.0 |  5188
               +---------+---------+-------+---------+---------+-------+---------
           D:1 |       0 |      36 |   0.0 |       0 |      21 |   0.0 |   774
           D:2 |       0 |     134 |   0.0 |       0 |      23 |   0.0 |   980
           D:3 |       0 |     694 |   0.0 |       0 |      25 |   0.0 |  2213
           D:4 |       0 |     552 |   0.0 |       0 |      29 |   0.0 |  1180
               +---------+---------+-------+---------+---------+-------+---------
